[Event "Titled Tuesday Blitz November 07 Early 2023"]
[White "ChainedDowntohell"]
[Black "Danielyan, Vahe"]
[BlackFideId "13304828"]
[WhiteElo "2508"]
[BlackElo "2710"]
[Result "0-1"]
[Round "7"]
[TimeControl "180+1"]
[Date "2023.11.07"]
[WhiteClock "0:00:01"]
[BlackClock "0:00:47"]
[Board "92"]

1. d4 Nf6 2. c4 e6 3. Nf3 d6 4. Nc3 Nbd7 5. e4 e5 6. Be2 g6 7. h3 Bg7 8. Be3 O-O 9. d5 Nc5 10. Nd2 a5 11. g4 c6 12. h4 Bd7 13. h5 b5 14. h6 Bh8 15. g5 b4 16. Na4 Nfxe4 17. Nxc5 Nxc5 18. Bxc5 dxc5 19. Ne4 Bf5 20. Bf3 cxd5 21. Qxd5 Bxe4 22. Bxe4 Qxg5 23. Qxc5 Rac8 24. Qb5 Qf4 25. Bd5 e4 26. Qb6 Bxb2 27. Rd1 Bc3+ 28. Kf1 Qf3 29. Bxf7+ Rxf7 30. Rd8+ Rxd8 31. Qxd8+ Rf8 32. Qd5+ Kh8 33. Rh2 e3 34. Qxf3 Rxf3 35. Rh4 Rxf2+ 36. Kg1 Rf5 37. Re4 Re5 38. Rf4 Kg8 39. Rd4 0-1


[Site "https://www.chess.com"]

[Event "Titled Tuesday Blitz November 07 Early 2023"]
[White "Zavgorodniy, Sergiy"]
[Black "Krzywda, Andrzej"]
[WhiteFideId "14110148"]
[BlackFideId "1114565"]
[WhiteElo "2681"]
[BlackElo "2505"]
[Result "1-0"]
[Round "7"]
[TimeControl "180+1"]
[Date "2023.11.07"]
[WhiteClock "0:00:13"]
[BlackClock "0:00:00"]
[Board "93"]

1. d4 d5 2. c4 e6 3. Nf3 Nf6 4. e3 a6 5. Nbd2 Nbd7 6. Bd3 dxc4 7. Nxc4 b5 8. Ncd2 c5 9. b3 Bb7 10. O-O Rc8 11. Bb2 Be7 12. a4 Qb6 13. axb5 axb5 14. Qe2 Bc6 15. dxc5 Nxc5 16. Bb1 O-O 17. Nd4 Bd7 18. N2f3 Rfd8 19. Ne5 Be8 20. Rc1 Qb8 21. Nef3 Nd5 22. h3 Bf6 23. Bc2 Ne7 24. Bd1 e5 25. b4 exd4 26. bxc5 d3 27. Qd2 Bxb2 28. Qxb2 Nf5 29. Bb3 Bc6 30. Ne5 Bd5 31. Nxd3 Nh4 32. Bxd5 Rxd5 33. Qb3 Rg5 34. Nf4 Nf3+ 35. Kh1 Nd2 36. Qd3 Rd8 37. Qe2 Nb3 38. c6 Nxc1 39. Rxc1 Rc8 40. Qc2 Qb6 41. c7 b4 42. Qc4 h6 43. Nd5 Rxd5 44. Qxd5 Rxc7 45. Qd8+ Kh7 46. Qxc7 Qf6 47. Qc2+ g6 48. Rb1 Qd6 49. Kg1 Qe7 50. Qb3 h5 51. Qxb4 Qf6 52. Qd4 Qa6 53. Rb8 1-0


[Site "https://www.chess.com"]

[Event "Titled Tuesday Blitz November 07 Early 2023"]
[White "Starozhilov, Leonid"]
[Black "Santos Flores, Alberto"]
[WhiteFideId "14106752"]
[BlackFideId "3601234"]
[WhiteElo "2678"]
[BlackElo "2503"]
[Result "1-0"]
[Round "7"]
[TimeControl "180+1"]
[Date "2023.11.07"]
[WhiteClock "0:00:28"]
[BlackClock "0:00:05"]
[Board "94"]

1. e4 e6 2. d4 d5 3. Nc3 Nf6 4. Bg5 Bb4 5. e5 h6 6. Bc1 Ne4 7. Ne2 c5 8. a3 Bxc3+ 9. bxc3 cxd4 10. cxd4 Nc6 11. c3 Qa5 12. Qb3 f6 13. f3 Ng5 14. exf6 gxf6 15. Bd2 Qc7 16. Nf4 Bd7 17. h4 Nf7 18. Bd3 O-O-O 19. O-O Nd6 20. Ng6 Rhg8 21. h5 Kb8 22. Bf4 Bc8 23. Rfe1 Rge8 24. a4 Ka8 25. Bb5 a6 26. Qa3 Qd7 27. Qc5 Nf5 28. Reb1 e5 29. dxe5 fxe5 30. Nxe5 Rxe5 31. Bxe5 Qe8 32. Bxc6 Qxc6 33. Qxc6 bxc6 34. Bd4 Rg8 35. Rb2 Nxd4 36. cxd4 Bf5 37. Rb6 1-0


[Site "https://www.chess.com"]

[Event "Titled Tuesday Blitz November 07 Early 2023"]
[White "Kosteniuk, Alexandra"]
[Black "Hajiyev, Kanan"]
[WhiteFideId "4128125"]
[BlackFideId "13404148"]
[WhiteElo "2670"]
[BlackElo "2499"]
[Result "0-1"]
[Round "7"]
[TimeControl "180+1"]
[Date "2023.11.07"]
[WhiteClock "0:00:09"]
[BlackClock "0:00:34"]
[Board "95"]

1. e4 c6 2. Nc3 d5 3. Nf3 a6 4. d4 Bg4 5. exd5 cxd5 6. h3 Bh5 7. g4 Bg6 8. Ne5 Nc6 9. Nxg6 hxg6 10. Bg2 e6 11. Be3 Nf6 12. a3 Bd6 13. Qd2 Qc7 14. f4 Na5 15. O-O Nc4 16. Qc1 Rc8 17. Rf2 b5 18. f5 gxf5 19. gxf5 Bh2+ 20. Kf1 Bg3 21. Re2 O-O 22. Bg5 Nh5 23. Bf3 Bf4 24. Bxf4 Qxf4 25. Qxf4 Nxf4 26. Rf2 Nxb2 27. Nd1 Nxd1 28. Rxd1 Nxh3 29. Rh2 Ng5 30. Rd3 Nxf3 31. Rxf3 exf5 32. Rxf5 Rfd8 33. Rfh5 f6 34. Rg2 Kf7 35. Rh3 Rc4 36. Rhg3 g5 37. Rf2 Kg6 38. Rgf3 Rd6 39. Rd2 Rdc6 40. Rff2 Rc3 41. Kg2 Rxa3 42. Rd1 Rac3 43. Rdd2 a5 44. Rfe2 a4 45. Kf2 a3 0-1


[Site "https://www.chess.com"]

[Event "Titled Tuesday Blitz November 07 Early 2023"]
[White "Kubicka, Anna"]
[Black "Yen, William"]
[WhiteFideId "1152254"]
[BlackFideId "30932025"]
[WhiteElo "2498"]
[BlackElo "2665"]
[Result "1-0"]
[Round "7"]
[TimeControl "180+1"]
[Date "2023.11.07"]
[WhiteClock "0:00:04"]
[BlackClock "0:00:43"]
[Board "96"]

1. e4 c5 2. Ne2 d6 3. g3 h5 4. Bh3 h4 5. Bxc8 Qxc8 6. d4 hxg3 7. fxg3 Nf6 8. Nbc3 Qg4 9. dxc5 Nc6 10. cxd6 O-O-O 11. Nf4 Qxg3+ 12. hxg3 Rxh1+ 13. Ke2 Rxd1 14. Kxd1 Rxd6+ 15. Bd2 g6 16. Nfd5 Bg7 17. Ke2 Nxe4 18. Nxe7+ Nxe7 19. Nxe4 Re6 20. Kf3 Bxb2 21. Rh1 Nf5 22. Ng5 Nd4+ 23. Kg4 Re2 24. Bf4 f5+ 25. Kh3 Rxc2 26. Be5 Ne2 27. Bxb2 Rxb2 28. Rd1 Rxa2 29. Ne6 b6 30. Rd8+ Kb7 31. Rg8 Ra3 32. Rxg6 f4 33. Rg7+ Ka6 34. Nc7+ Ka5 35. Rg5+ Ka4 36. Kh4 Rxg3 37. Rf5 Rg7 38. Nd5 b5 39. Re5 f3 40. Re4+ Ka5 41. Re3 Rd7 42. Ra3# 1-0


[Site "https://www.chess.com"]

[Event "Titled Tuesday Blitz November 07 Early 2023"]
[White "Degenbaev, Aziz"]
[Black "Lehtosaari, Mauri"]
[WhiteFideId "13802640"]
[BlackFideId "501999"]
[WhiteElo "2655"]
[BlackElo "2497"]
[Result "1-0"]
[Round "7"]
[TimeControl "180+1"]
[Date "2023.11.07"]
[WhiteClock "0:01:41"]
[BlackClock "0:00:05"]
[Board "97"]

1. e4 d5 2. exd5 Qxd5 3. Nc3 Qd8 4. d4 Nf6 5. Nf3 Bg4 6. Be2 e6 7. h3 Bxf3 8. Bxf3 c6 9. O-O Nbd7 10. Bf4 Be7 11. Qd3 O-O 12. Rfe1 Nd5 13. Bxd5 cxd5 14. Qg3 Bf6 15. Rad1 a6 16. Rd3 Rc8 17. Red1 Qb6 18. b3 Qa5 19. b4 Qxb4 20. Bd6 Qb2 21. Bxf8 Nxf8 22. Rb1 Qxc2 23. Rxb7 Bxd4 24. Rxd4 Rxc3 25. Qd6 Rc8 26. Rdb4 e5 27. Rb8 Qc1+ 28. Kh2 Rxb8 29. Qxb8 Qg5 30. Qd6 Qf6 31. Qxd5 g6 32. f3 Kg7 33. Re4 Ne6 34. Qxe5 1-0


[Site "https://www.chess.com"]

[Event "Titled Tuesday Blitz November 07 Early 2023"]
[White "Mendez Fortes, Eduardo Jesus"]
[Black "Grossboss19"]
[WhiteFideId "3502376"]
[WhiteElo "2654"]
[BlackElo "2496"]
[Result "1-0"]
[Round "7"]
[TimeControl "180+1"]
[Date "2023.11.07"]
[WhiteClock "0:00:36"]
[BlackClock "0:00:03"]
[Board "98"]

1. e4 c6 2. d4 d5 3. e5 Bf5 4. Nf3 h6 5. Be2 e6 6. Nbd2 Ne7 7. Nb3 Nd7 8. O-O Qc7 9. a4 Rc8 10. a5 g5 11. Bd2 Bg7 12. Bb4 Bh7 13. Bd6 Qd8 14. Nc5 Nxc5 15. dxc5 Nf5 16. c3 Nxd6 17. exd6 O-O 18. Bd3 e5 19. Bxh7+ Kxh7 20. Re1 e4 21. Nd2 f5 22. Nb3 Rf7 23. Nd4 Qd7 24. Qh5 Rcf8 25. b4 a6 26. Rad1 f4 27. f3 e3 28. Kf1 Re8 29. Re2 Bxd4 30. cxd4 Qf5 31. Ke1 Kg7 32. Rb2 Qg6 33. Qxg6+ Kxg6 34. Ke2 h5 35. Rc1 g4 36. h3 Kf5 37. hxg4+ hxg4 38. Rh1 Rg8 39. Rbb1 gxf3+ 40. gxf3 Rg2+ 41. Kd3 Rd2+ 42. Kc3 Rf2 43. Rh3 Ke6 44. Rg1 Kd7 45. Kd3 Rd2+ 46. Kc3 Rf2 47. Rg5 Rf1 48. Re5 Rc1+ 49. Kb2 Rd1 50. Rh8 Rxd4 51. Kc3 Rc4+ 52. Kb3 Rc1 53. Rb8 Rf6 54. Rxb7+ Kc8 55. d7+ Kxb7 56. d8=Q Rf7 57. Re7+ Rxe7 58. Qxe7+ Kc8 59. Qf8+ Kb7 60. Qf7+ Kc8 61. Qxf4 Re1 62. Qf5+ Kb7 63. Qf7+ Kb8 64. Qe8+ Kc7 65. Qe7+ Kc8 66. Qe6+ Kc7 67. Qd6+ Kb7 68. Qd7+ Kb8 69. Kc2 d4 70. Qxd4 e2 71. Qh8+ Kb7 72. Qh7+ Kb8 73. Qh8+ Kb7 74. Qg7+ Kb8 75. Qf8+ Kb7 76. Qe7+ Kb8 77. Kd2 Ra1 78. Kxe2 Ra2+ 79. Kd3 Ra3+ 80. Kc4 Ra1 81. Qe5+ Kb7 82. Qxa1 Ka8 83. Qe5 Ka7 84. f4 Kb7 85. f5 Kc8 86. f6 Kd7 87. f7 Kc8 88. f8=Q+ Kd7 89. Qee7# 1-0


[Site "https://www.chess.com"]

[Event "Titled Tuesday Blitz November 07 Early 2023"]
[White "Lund, Gunnar"]
[Black "Adla, Diego"]
[WhiteFideId "1520814"]
[BlackFideId "100072"]
[WhiteElo "2496"]
[BlackElo "2654"]
[Result "0-1"]
[Round "7"]
[TimeControl "180+1"]
[Date "2023.11.07"]
[WhiteClock "0:00:00"]
[BlackClock "0:00:21"]
[Board "99"]

1. d4 Nf6 2. c4 e6 3. g3 d5 4. Nf3 dxc4 5. Bg2 Nbd7 6. O-O c6 7. a4 a5 8. Qc2 b5 9. axb5 cxb5 10. Ne5 Nd5 11. Nc3 Nxe5 12. dxe5 Bc5 13. Nxb5 O-O 14. Qxc4 Qb6 15. Nc3 Nxc3 16. Qxc3 Ra7 17. Bd2 Bd4 18. Qd3 Ba6 19. Bxa5 Bxf2+ 20. Rxf2 Bxd3 21. Bxb6 Rxa1+ 22. Bf1 Bc4 23. Kg2 Rb1 24. Bd4 Rd8 25. Bc3 Rdd1 26. h3 Bd5+ 27. Kg1 h5 28. Rf4 Kh7 29. Rf2 Kg8 30. Rf4 g5 31. Rf2 Kg7 32. Rf6 g4 33. hxg4 hxg4 34. Rf2 Be4 35. Rf4 Bf3 36. exf3 Rxf1+ 37. Kg2 Rg1+ 38. Kh2 Rh1+ 39. Kg2 gxf3+ 40. Kxf3 Rhf1+ 41. Kg4 Rxf4+ 42. Kxf4 Kg6 43. Ke4 Kg5 44. Kd4 Kg4 45. Kc5 Kxg3 46. Kd6 Kf3 47. Ke7 Ke4 48. Kxf7 Kd5 49. Kf6 Rf1+ 50. Ke7 Rh1 51. Kf6 Rh7 52. Kg6 Rh4 53. Kf6 Rf4+ 54. Ke7 Rc4 55. Kf6 Rc7 56. Kg6 Rc8 57. Kf6 Rc7 58. Kg6 Kc6 59. Kf6 Kd7 60. Kf7 Rc4 61. Kf6 Rf4+ 62. Kg6 Rf1 63. Kg7 Kc6 64. Kg6 Kd5 65. Kg7 Ke4 66. Kg6 Rf5 67. b4 Kd5 68. Kg7 Kc4 0-1


[Site "https://www.chess.com"]

[Event "Titled Tuesday Blitz November 07 Early 2023"]
[White "HamedWafa4"]
[Black "Pujari, Rucha"]
[BlackFideId "5024528"]
[WhiteElo "2644"]
[BlackElo "2495"]
[Result "0-1"]
[Round "7"]
[TimeControl "180+1"]
[Date "2023.11.07"]
[WhiteClock "0:00:27"]
[BlackClock "0:00:17"]
[Board "100"]

1. e4 e5 2. Nf3 Nc6 3. Bc4 Nf6 4. d3 Be7 5. O-O O-O 6. a4 d6 7. Nc3 Bg4 8. h3 Bh5 9. Be3 Kh8 10. Kh2 Qd7 11. Rg1 Nd4 12. g4 Nxg4+ 13. hxg4 Bxg4 14. Nxe5 Bxd1 15. Nxd7 Nf3+ 16. Kg2 Nxg1 17. Nxf8 Bf3+ 18. Kxg1 Rxf8 19. Bxa7 f5 20. exf5 Rxf5 21. Be3 Rh5 22. Ne4 Rh1# 0-1


[Site "https://www.chess.com"]

[Event "Titled Tuesday Blitz November 07 Early 2023"]
[White "Yelisieiev, Yevhenii"]
[Black "Willy, Stephen"]
[WhiteFideId "14139642"]
[BlackFideId "30981468"]
[WhiteElo "2641"]
[BlackElo "2490"]
[Result "1-0"]
[Round "7"]
[TimeControl "180+1"]
[Date "2023.11.07"]
[WhiteClock "0:00:37"]
[BlackClock "0:00:06"]
[Board "101"]

1. d4 d5 2. Nf3 Nf6 3. c4 Bf5 4. Nc3 Nc6 5. cxd5 Nxd5 6. Qb3 Nb6 7. e4 Bg4 8. d5 Bxf3 9. dxc6 Bg4 10. cxb7 Rb8 11. Ba6 Bd7 12. Bf4 e6 13. O-O-O Bd6 14. Bxd6 cxd6 15. Rxd6 O-O 16. Rhd1 Qg5+ 17. Kb1 Qa5 18. Qa3 Qxa3 19. bxa3 Na4 20. Nxa4 Bxa4 21. Rc1 h6 22. Rd4 Bb5 23. Bxb5 Rxb7 24. Rb4 Rfb8 25. Bd3 1-0


[Site "https://www.chess.com"]

[Event "Titled Tuesday Blitz November 07 Early 2023"]
[White "Pinto, Daniel"]
[Black "Gubajdullin, Alexei"]
[WhiteFideId "3303144"]
[BlackFideId "4141202"]
[WhiteElo "2485"]
[BlackElo "2626"]
[Result "0-1"]
[Round "7"]
[TimeControl "180+1"]
[Date "2023.11.07"]
[WhiteClock "0:00:00"]
[BlackClock "0:00:59"]
[Board "103"]

1. e4 g6 2. d4 Bg7 3. Nf3 d6 4. h3 a6 5. a4 a5 6. c3 Nf6 7. Bd3 O-O 8. O-O Nc6 9. d5 Nb8 10. Be3 c6 11. c4 Nfd7 12. Nc3 Na6 13. Rc1 Ndc5 14. Bb1 Qb6 15. Re1 Qxb2 16. Nd4 Qb6 17. f4 Bd7 18. Bf2 Qc7 19. Qe2 e5 20. dxe6 Nxe6 21. Nxe6 fxe6 22. e5 Rxf4 23. exd6 Qxd6 24. Bg3 Qc5+ 25. Kh2 Qxc4 26. Qe3 Rf7 27. Ba2 Qd4 28. Qe2 Re8 29. Ne4 Be5 30. Rcd1 Bxg3+ 31. Nxg3 Qxa4 32. Rxd7 Rxd7 33. Bxe6+ Rxe6 34. Qxe6+ Rf7 35. Qe8+ Kg7 36. Re7 Qc4 37. Re6 Nc7 38. Qc8 Qxe6 39. Qxe6 Nxe6 0-1


[Site "https://www.chess.com"]

[Event "Titled Tuesday Blitz November 07 Early 2023"]
[White "Tregubov, Pavel V."]
[Black "Dinu, Dumitru-Daniel"]
[WhiteFideId "4115341"]
[BlackFideId "1208403"]
[WhiteElo "2611"]
[BlackElo "2481"]
[Result "1/2-1/2"]
[Round "7"]
[TimeControl "180+1"]
[Date "2023.11.07"]
[WhiteClock "0:00:53"]
[BlackClock "0:01:12"]
[Board "104"]

1. e4 c5 2. Nf3 d6 3. Bb5+ Bd7 4. Bxd7+ Qxd7 5. O-O e5 6. Nc3 Be7 7. Re1 Bd8 8. Nd5 Ne7 9. Nxe7 Bxe7 10. c3 Nc6 11. d4 cxd4 12. cxd4 Bf6 13. d5 Ne7 14. Be3 O-O 15. Rc1 Rfc8 16. Qb3 Rxc1 17. Rxc1 Rc8 18. Rc4 b5 19. Rc2 a5 20. g3 Rxc2 21. Qxc2 Qc8 22. Qxc8+ Nxc8 23. Kf1 Kf8 24. Ke2 Ke8 25. Kd3 Kd7 26. b3 Bd8 27. a4 bxa4 28. bxa4 Nb6 29. Bxb6 Bxb6 30. Ke2 f6 31. Nd2 Bc5 32. Nb3 Bb4 33. Kd3 Kc7 34. Kc4 Kb6 35. Nc1 Bc5 36. Nd3 Bd4 37. f4 Bg1 38. h3 Bh2 39. fxe5 fxe5 40. g4 Bg1 41. Ne1 Be3 42. Nf3 Bf4 43. h4 g6 44. h5 g5 45. Ng1 h6 46. Ne2 Bh2 47. Nc3 Bg1 48. Nb5 Bc5 49. Kd3 Bb4 50. Kc4 Bc5 51. Kb3 Bb4 52. Kc4 Bc5 1/2-1/2


[Site "https://www.chess.com"]

[Event "Titled Tuesday Blitz November 07 Early 2023"]
[White "Ambartsumova, Karina"]
[Black "vishwa_vijeta"]
[WhiteFideId "4166299"]
[WhiteElo "2608"]
[BlackElo "2479"]
[Result "1/2-1/2"]
[Round "7"]
[TimeControl "180+1"]
[Date "2023.11.07"]
[WhiteClock "0:00:14"]
[BlackClock "0:00:13"]
[Board "105"]

1. d4 Nf6 2. c4 g6 3. g3 c6 4. Bg2 d5 5. b3 Bg7 6. Bb2 O-O 7. Nf3 dxc4 8. bxc4 Qb6 9. Qc1 c5 10. O-O cxd4 11. Bxd4 Qa6 12. Nc3 Qxc4 13. Rd1 Nc6 14. e3 Nxd4 15. Nxd4 Rd8 16. Ncb5 Qxc1 17. Raxc1 e5 18. Nc7 Rb8 19. Ndb5 Bd7 20. Nxa7 Bf8 21. Nab5 Bxb5 22. Nxb5 Rxd1+ 23. Rxd1 b6 24. a4 Rc8 25. h3 Rc4 26. Ra1 Rb4 27. Nc3 Rb2 28. Nd5 Nxd5 29. Bxd5 Bc5 30. Rc1 Rb4 31. a5 Ra4 32. axb6 Bxb6 33. Rc8+ Kg7 34. Rb8 Bc5 35. Rb7 Ra7 36. Rb5 Rc7 37. h4 f5 38. Kg2 e4 39. Rb8 Be7 40. Re8 Bf6 41. Rb8 Rd7 42. Rg8+ Kh6 43. Be6 Re7 44. Bd5 Rd7 45. Bc4 Rc7 46. Be6 Rc6 47. Re8 Rc7 48. Bd5 Rd7 49. Be6 Re7 50. Rxe7 Bxe7 51. Kh3 Kg7 52. Bd5 Kf6 53. Bc6 h5 54. Kg2 Bd6 55. Bb5 Ke5 56. Be2 Kf6 57. Bc4 Ke5 58. Bb5 Kf6 59. Be8 Ke5 60. Bxg6 Kf6 61. Bxh5 Be7 62. Be2 Bd6 63. f3 Bc5 64. Kf2 Bd6 65. Bf1 Kg6 66. Bg2 exf3 67. Bxf3 Kf6 68. Kg2 Kg6 69. e4 fxe4 70. Bxe4+ Kh6 71. Kh3 Be7 72. Kg4 Bd6 73. Kf3 Be7 74. Bd3 Bd6 75. Kg2 Bxg3 76. Kxg3 Kg7 77. Kh3 Kh8 78. Kg4 Kg7 79. h5 Kh8 80. Be4 Kg7 81. Kg5 Kh8 82. h6 Kg8 83. Kh5 Kh8 84. Kg6 Kg8 85. h7+ Kh8 86. Kh6 1/2-1/2


[Site "https://www.chess.com"]

[Event "Titled Tuesday Blitz November 07 Early 2023"]
[White "Remolar Gallen, Jose"]
[Black "Sharapov, Evgeny"]
[WhiteFideId "2215187"]
[BlackFideId "14103133"]
[WhiteElo "2477"]
[BlackElo "2606"]
[Result "0-1"]
[Round "7"]
[TimeControl "180+1"]
[Date "2023.11.07"]
[WhiteClock "0:00:00"]
[BlackClock "0:00:54"]
[Board "106"]

1. e4 c5 2. Nf3 d6 3. d4 cxd4 4. Nxd4 Nf6 5. Nc3 Nc6 6. Bg5 e6 7. Qd2 Be7 8. O-O-O O-O 9. f3 Nxd4 10. Qxd4 a6 11. h4 Qc7 12. h5 h6 13. Be3 b5 14. g4 b4 15. Na4 e5 16. Qxb4 d5 17. Qb6 Qxb6 18. Nxb6 Rb8 19. exd5 Bd6 20. Nc4 Rd8 21. g5 hxg5 22. Bxg5 Bb7 23. h6 Be7 24. d6 Bxf3 25. hxg7 Bxh1 26. Be2 Be4 27. dxe7 Rxd1+ 28. Bxd1 Nh7 29. Bh4 f6 30. Nd6 Bc6 31. Bf3 Be8 32. Nf5 Bf7 33. b3 Ng5 34. Bxg5 fxg5 35. c4 Be6 36. Bd5 Kf7 37. Bxe6+ Kxe6 38. Nh6 g4 39. Nxg4 Kf7 40. Nxe5+ Kxg7 41. Nc6 Re8 42. Nb4 Rxe7 43. Nxa6 Kf6 44. Nb4 Ke6 45. Kb2 Kd6 46. Nc2 Kc5 47. Kc3 Rh7 48. b4+ Kb6 49. c5+ Kc6 50. Nd4+ Kd5 51. a4 Rh3+ 52. Kc2 Kxd4 53. c6 Kc4 54. b5 Rh2+ 55. Kd1 Kc5 0-1


[Site "https://www.chess.com"]

[Event "Titled Tuesday Blitz November 07 Early 2023"]
[White "Bodnaruk, Anastasia"]
[Black "Czerw, Dawid"]
[WhiteFideId "4181751"]
[BlackFideId "1145746"]
[WhiteElo "2605"]
[BlackElo "2463"]
[Result "1-0"]
[Round "7"]
[TimeControl "180+1"]
[Date "2023.11.07"]
[WhiteClock "0:00:40"]
[BlackClock "0:00:02"]
[Board "107"]

1. e4 c5 2. Nc3 g6 3. f4 Bg7 4. Nf3 Nc6 5. Bc4 e6 6. d3 Nge7 7. O-O O-O 8. Bb3 d5 9. e5 f6 10. exf6 Bxf6 11. Re1 Nf5 12. Bd2 Rb8 13. Ne5 Nxe5 14. fxe5 Bh4 15. g3 Bg5 16. Bxg5 Qxg5 17. Qc1 Qg4 18. Rf1 Bd7 19. Rf4 Qh3 20. Qf1 Qxf1+ 21. Raxf1 b5 22. Nxd5 c4 23. dxc4 bxc4 24. Nf6+ Rxf6 25. exf6 cxb3 26. axb3 h5 27. Rd1 Bc6 28. h3 Nxg3 29. f7+ Kf8 30. Rf6 Nf5 31. Rxe6 Bf3 32. Rd7 Rc8 33. Rxg6 Ng7 34. Rh6 Be4 35. Rh8# 1-0


[Site "https://www.chess.com"]

[Event "Titled Tuesday Blitz November 07 Early 2023"]
[White "Mazurkiewicz, Michal"]
[Black "Feuerstack, Aljoscha"]
[WhiteFideId "1124943"]
[BlackFideId "4681932"]
[WhiteElo "2460"]
[BlackElo "2592"]
[Result "0-1"]
[Round "7"]
[TimeControl "180+1"]
[Date "2023.11.07"]
[WhiteClock "0:00:00"]
[BlackClock "0:00:22"]
[Board "108"]

1. e4 c6 2. d3 d5 3. Nd2 g6 4. Ngf3 Bg7 5. g3 Nf6 6. Bg2 O-O 7. O-O a5 8. e5 Ne8 9. Re1 c5 10. c4 Nc7 11. cxd5 Nxd5 12. Ne4 Na6 13. a3 Bg4 14. Qb3 Rb8 15. h3 Bxf3 16. Bxf3 b5 17. e6 f5 18. Ng5 Nac7 19. h4 a4 20. Qa2 Nf6 21. Bf4 Rc8 22. Rac1 Ncd5 23. Be5 Nb6 24. Nf7 Qxd3 25. Bg2 Ng4 26. Bf4 Bd4 27. Rf1 Nc4 28. Rcd1 Qb3 29. Qb1 Qxb2 30. Qd3 Nxf2 31. Rxf2 Qxf2+ 32. Kh1 Nb2 33. Nh6+ Kg7 0-1


[Site "https://www.chess.com"]

[Event "Titled Tuesday Blitz November 07 Early 2023"]
[White "Shishkov, Andrei"]
[Black "Lewicki, Miroslaw"]
[WhiteFideId "4500563"]
[BlackFideId "1113380"]
[WhiteElo "2458"]
[BlackElo "2587"]
[Result "0-1"]
[Round "7"]
[TimeControl "180+1"]
[Date "2023.11.07"]
[WhiteClock "0:00:09"]
[BlackClock "0:01:57"]
[Board "109"]

1. d4 d6 2. e4 g6 3. Nf3 Bg7 4. Bc4 Nf6 5. Qe2 O-O 6. O-O Nc6 7. e5 dxe5 8. dxe5 Ng4 9. Rd1 Qe8 10. e6 fxe6 11. Bxe6+ Kh8 12. Nc3 Nxf2 13. Kxf2 Nd4 14. Rxd4 Bxd4+ 15. Be3 Bg7 16. Bc5 Qc6 17. Bxe7 Bxe6 18. Bxf8 Rxf8 19. Re1 Bd4+ 20. Kf1 Bc4 0-1


[Site "https://www.chess.com"]

[Event "Titled Tuesday Blitz November 07 Early 2023"]
[White "Kashtanov, Ruslan"]
[Black "Herzog2012"]
[WhiteFideId "4124871"]
[WhiteElo "2457"]
[BlackElo "2578"]
[Result "0-1"]
[Round "7"]
[TimeControl "180+1"]
[Date "2023.11.07"]
[WhiteClock "0:00:00"]
[BlackClock "0:00:06"]
[Board "110"]

1. e4 e5 2. Nf3 Nc6 3. d4 exd4 4. Bc4 Bc5 5. c3 Nf6 6. e5 d5 7. Bb5 Ne4 8. cxd4 Bb6 9. Nc3 O-O 10. Be3 Bg4 11. h3 Bh5 12. Qc2 Bg6 13. Qb3 Ne7 14. O-O c6 15. Bd3 Nf5 16. Nxe4 dxe4 17. Bxe4 Nxd4 18. Nxd4 Bxe4 19. Rad1 Qe7 20. Bf4 Rad8 21. Qe3 Bg6 22. Rd2 Qb4 23. Rfd1 h6 24. a3 Qc4 25. b3 Qc5 26. e6 Rfe8 27. Qg3 Qxa3 28. exf7+ Kxf7 29. Be5 Qe7 30. Bf4 Qe4 31. Nf3 Rxd2 32. Rxd2 Kg8 33. Kh2 Re7 34. Ne5 Kh7 35. Re2 Qf5 36. Nxg6 Rxe2 37. Nh4 Qf7 0-1


[Site "https://www.chess.com"]

[Event "Titled Tuesday Blitz November 07 Early 2023"]
[White "Berezin, Viktor"]
[Black "Gontcharov, Vladislav"]
[WhiteFideId "14107872"]
[BlackFideId "4123492"]
[WhiteElo "2457"]
[BlackElo "2569"]
[Result "1-0"]
[Round "7"]
[TimeControl "180+1"]
[Date "2023.11.07"]
[WhiteClock "0:00:09"]
[BlackClock "0:00:17"]
[Board "112"]

1. Nf3 Nf6 2. c4 e6 3. g3 d5 4. Bg2 d4 5. O-O c5 6. d3 Nc6 7. b4 cxb4 8. a3 a5 9. axb4 Bxb4 10. Ba3 Bxa3 11. Nxa3 O-O 12. Nb5 e5 13. Ng5 h6 14. Ne4 Nxe4 15. Bxe4 Be6 16. c5 Qd7 17. Nd6 Ra7 18. Qa4 f5 19. Bg2 h5 20. Rab1 Qc7 21. Nb5 Qb8 22. Nxa7 Qxa7 23. Bxc6 bxc6 24. Qxc6 Bf7 25. Qb6 Qe7 26. Qc6 h4 27. Rb7 Qg5 28. Rfb1 hxg3 29. hxg3 e4 30. Qd6 exd3 31. Rb8 Rxb8 32. Rxb8+ Kh7 33. exd3 Bh5 34. Qf4 Qg6 35. Rb6 Qf7 36. c6 Qd5 37. c7 Qc5 38. Rb8 Qc2 39. c8=Q Qd1+ 40. Kg2 Bg4 41. Qh8+ Kg6 42. Rb6+ Kf7 43. Qc7# 1-0


[Site "https://www.chess.com"]

[Event "Titled Tuesday Blitz November 07 Early 2023"]
[White "Savitha Shri B"]
[Black "Jaskolka, Tomasz"]
[WhiteFideId "35061887"]
[BlackFideId "1170791"]
[WhiteElo "2452"]
[BlackElo "2563"]
[Result "0-1"]
[Round "7"]
[TimeControl "180+1"]
[Date "2023.11.07"]
[WhiteClock "0:00:42"]
[BlackClock "0:00:12"]
[Board "113"]

1. e4 d5 2. exd5 Nf6 3. Nf3 Bg4 4. c4 c6 5. dxc6 Nxc6 6. Be2 e5 7. d3 Bc5 8. O-O O-O 9. Nc3 h6 10. h3 Bf5 11. Be3 Bxe3 12. fxe3 Qb6 13. Qc1 e4 14. dxe4 Bxe4 15. Kh1 Rfe8 16. b3 Bh7 17. Nd5 Nxd5 18. cxd5 Nb4 19. Bc4 Nc2 20. Nd4 Nxa1 21. Qxa1 Rxe3 22. d6 Qxd6 23. Rxf7 Kh8 24. Nf5 Qe5 25. Qxe5 Rxe5 26. Nxg7 Bg8 27. Rf5 Re1+ 28. Kh2 Kxg7 29. Bxg8 Rxg8 30. Rd5 Rf8 31. Rd7+ Rf7 32. Rd6 Re2 33. a4 Rb2 34. Rd4 Rxb3 35. Rg4+ Kf8 36. Rh4 Rb2 37. Rxh6 Rg7 38. Rf6+ Ke7 39. Rf3 Rbxg2+ 40. Kh1 Rg1+ 0-1


[Site "https://www.chess.com"]

[Event "Titled Tuesday Blitz November 07 Early 2023"]
[White "Jesseinkman"]
[Black "Derjabin, Ilja"]
[BlackFideId "14104768"]
[WhiteElo "2450"]
[BlackElo "2559"]
[Result "0-1"]
[Round "7"]
[TimeControl "180+1"]
[Date "2023.11.07"]
[WhiteClock "0:00:00"]
[BlackClock "0:00:19"]
[Board "114"]

1. e4 c5 2. Nf3 d6 3. d4 cxd4 4. Nxd4 Nf6 5. Nc3 a6 6. f3 e5 7. Nb3 Be7 8. Be3 O-O 9. Qd2 Be6 10. O-O-O b5 11. g4 b4 12. Ne2 a5 13. g5 Nh5 14. Kb1 a4 15. Nbc1 Nc6 16. Ng3 g6 17. Nxh5 gxh5 18. h4 Qa5 19. Bh3 Bxh3 20. Rxh3 Rfc8 21. Qd5 Qxd5 22. exd5 Na5 23. b3 axb3 24. cxb3 Rab8 25. Rh2 Rc3 26. Rd3 Rxd3 27. Nxd3 Rb5 28. Rc2 Rxd5 29. Rc8+ Kg7 30. Nxb4 Rd1+ 31. Kc2 Rf1 32. Nd5 Bf8 33. b4 Nb7 34. Nf6 Rxf3 35. Bb6 d5 36. Nxd5 Nd6 37. Rd8 Nf5 38. Bc5 Bxc5 39. bxc5 Nd4+ 40. Kb2 Rf2+ 41. Ka3 Rf3+ 42. Kb4 Nc6+ 43. Kb5 Nxd8 44. c6 Nxc6 45. Kxc6 Ra3 46. Nb4 e4 47. Kb5 e3 48. Kc4 Ra4 49. Kb3 Rxb4+ 50. Kxb4 e2 0-1


[Site "https://www.chess.com"]

[Event "Titled Tuesday Blitz November 07 Early 2023"]
[White "Avazkhonov, Alikhon"]
[Black "Kanyamarala, Tarun"]
[WhiteFideId "14208504"]
[BlackFideId "45004714"]
[WhiteElo "2542"]
[BlackElo "2445"]
[Result "1-0"]
[Round "7"]
[TimeControl "180+1"]
[Date "2023.11.07"]
[WhiteClock "0:00:12"]
[BlackClock "0:00:24"]
[Board "115"]

1. d4 c6 2. c4 d5 3. Nc3 e6 4. e4 dxe4 5. Nxe4 Bb4+ 6. Bd2 Bxd2+ 7. Qxd2 Nf6 8. Nxf6+ Qxf6 9. Nf3 O-O 10. Bd3 Nd7 11. Qe3 c5 12. O-O-O cxd4 13. Nxd4 Ne5 14. Be2 Bd7 15. f4 Ng6 16. g3 e5 17. fxe5 Qxe5 18. Qxe5 Nxe5 19. Nf3 Bg4 20. Nxe5 Bxe2 21. Rd4 Rfe8 22. Nd7 Rad8 23. Re1 Bf3 24. Rxe8+ Rxe8 25. Ne5 Bh1 26. Kd2 h6 27. Ng4 Bf3 28. Ne3 g6 29. b4 Kg7 30. b5 Re5 31. a4 h5 32. h4 Kf6 33. Rf4+ 1-0


[Site "https://www.chess.com"]